 Dungeon Crawl Stone Soup version 0.32-a0-913-g739538afd8 (webtiles) character file.

Game seed: 7555967665984201644

34 pokeman the Magician (level 3, -1/20 HPs)
             Began as a Deep Elf Hedge Wizard on Apr 7, 2024.
             Constricted to death by a ball python (2 damage)
             ... on level 2 of the Dungeon.
             The game lasted 00:01:34 (634 turns).

pokeman the Magician (Deep Elf Hedge Wizard)         Turns: 634, Time: 00:01:35

Health: -1/20      AC:  3    Str:  7    XL:     3   Next: 14%
Magic:  1/11       EV:  1    Int: 20    God:
Gold:   77         SH:  0    Dex: 14    Spells: 11/12 levels left

rFire   . . .        k - +2 whip (elec)
rCold   . . .        (no shield)
rNeg    . . .        b - +0 robe
rPois   .            c - +0 hat
rElec   .            g - +0 cloak
rCorr   .            (no gloves)
SInv    .            (no boots)
Will    .....        (no amulet)
Stlth   ++           (no ring)
HPRegen 0.23/turn    (no ring)
MPRegen 0.12/turn

%: no passive effects
@: constricted
A: no striking features
a: no special abilities


You were on level 2 of the Dungeon.
You visited 1 branch of the dungeon, and saw 2 of its levels.

You collected 77 gold pieces.

Inventory:

Hand Weapons
 a - a +0 dagger
 k - a +2 whip of electrocution (weapon)
Missiles
 f - 5 curare-tipped darts
Armour
 b - a +0 robe (worn)
 c - a +0 hat (worn)
 g - a +0 cloak (worn)
Scrolls
 h - a scroll of identify {unknown}
 i - a scroll of immolation {unknown}
Potions
 d - a potion of magic
 e - a potion of ambrosia {unknown}
 j - a potion of curing {unknown}


   Skills:
 + Level 0.7 Fighting
 + Level 0.7 Armour
 - Level 2.4 Dodging
 - Level 2.4 Stealth
 * Level 5.1 Spellcasting
 + Level 1.7 Conjurations
 - Level 1.1 Summonings
 - Level 1.1 Translocations


You had 11 spell levels left.
You knew the following spells:

 Your Spells              Type           Power      Damage    Failure   Level
a - Magic Dart            Conj           48%        1d5       5%          1

Your spell library contained the following spells:

 Spells                   Type           Power      Damage    Failure   Level
 Apportation              Tloc           18%        N/A       8%          1
 Blink                    Tloc           18%        N/A       11%         2
 Call Imp                 Summ           18%        N/A       11%         2
 Slow                     Hex            20%        N/A       12%         1
 Cigotuvi's Dreadful Rot  Necr/Alch/Air  10%        N/A       17%         2
 Jinxbite                 Hex            10%        N/A       17%         2
 Mephitic Cloud           Conj/Alch/Air  7%         N/A       26%         3
 Alistair's Intoxication  Alch           3%         N/A       97%         5


Dungeon Overview and Level Annotations

Branches:
Dungeon (1/15)

Altars:


Message History

You hit the kobold.
You kill the kobold!
A gnoll comes into view. It is wielding a +0 whip.
Things that are here:
a +2 whip of electrocution; 2 stones; a kobold corpse
k - a +2 whip of electrocution The ball python barely misses you. x2
The ball python attacks as it pursues you!
The ball python barely misses you. The ball python grabs you.
The ball python constricts you.
* * * LOW HITPOINT WARNING * * *
You escape the ball python's grasp.
You hear the crackle of electricity.
k - a +2 whip of electrocution (weapon)
A goblin comes into view. It is wielding a +0 dagger.
Casting: Magic Dart (safe; 5% risk of failure)
Confirm with . or Enter, or press ? or * to list all spells.
Aiming: Magic Dart (safe; 5% risk of failure)
Press: ? - help, Shift-Dir - straight line, f - ball python
Aim: a ball python (100% to hit)
The magic dart hits the ball python.
You kill the ball python!
Unknown command.
A bat comes into view.
Found a stone staircase leading up.
The goblin shouts!
The ball python attacks as it pursues you!
The ball python misses you. The ball python closely misses you.
The bat hits you but does no damage. The goblin hits you with a +0 dagger.
* * * LOW HITPOINT WARNING * * *
A rat comes into view.
There is a stone staircase leading up here.
Unknown command.
The bat misses you. The ball python closely misses you.
The ball python grabs you.
You stop ascending the stairs.
The ball python constricts you. The goblin hits you but does no damage.
The ball python bites you.
* * * LOW HITPOINT WARNING * * *
The ball python constricts you.
You die...

..# ##.##### #..####
##......# #.....
##..g..... ##....#
#......... .##.....##
#.........
.r.......######.........
#.....b...g.g.g.........
#....g.S######.........
#.....@## ##........
#......# ##.†......
#....... #.........
#.......# #.........
#.......# #.........
##.....## #.†.......
##...## #......... ####
##........ ##......#


You could see a gnoll, a goblin, a bat, a ball python and a rat (wandering).

Vanquished Creatures
  An adder (D:2)
  3 ball pythons
  2 endoplasms (D:1)
  2 giant cockroaches (D:1)
  3 goblins (D:1)
  4 hobgoblins
  2 jackals (D:1)
  A frilled lizard (D:2)
  2 kobolds
  A rat (D:1)
21 creatures vanquished.

Notes
Turn   | Place    | Note
-------+----------+-------------------------------------------
     0 | D:1      | pokeman the Deep Elf Hedge Wizard began the quest for the
                  | Orb.
     0 | D:1      | Reached XP level 1. HP: 10/10 MP: 7/7
   124 | D:1      | Reached XP level 2. HP: 3/16 MP: 2/9
   586 | D:1      | You fall into a shaft and drop 1 floor!
   600 | D:2      | Reached skill level 5 in Spellcasting
   600 | D:2      | Reached XP level 3. HP: 3/20 MP: 0/11
   634 | D:2      | HP: 1/20 [ball python (1)]
   634 | D:2      | Constricted to death by a ball python

Illustrated notes

Levels and vault maps discovered:
D:1:      dpeg_arrival_lava_temple_mockup, layout_rooms,
          chequers_serial_rivers_marsh, chequers_serial_rivers_micro_a
D:2:      layout_rooms, serial_shops, shop, nicolae_shop_just_a_little_nook,
          serial_bayou_ford_a, minmay_gold_behind_fungi

Skill      XL: |  1  2 |
---------------+-------+-----
Spellcasting   | 5 |  5.1
Fighting       | |  0.7
Armour         | |  0.7
Dodging        | |  2.4
Stealth        | |  2.4
Conjurations   | |  1.7
Summonings     | |  1.1
Translocations | |  1.1

Action                     || total
---------------------------++-------
  Melee: Dagger            ||    23
   Cast: Magic Dart        ||    53
 Armour: Robe              ||    30
  Dodge: Dodged            ||    36

Table legend: (Time is in decaauts)
 A = Elapsed time spent in this place.
 B = Non-inter-level travel time spent in this place.
 C = Inter-level travel time spent in this place.
 D = Time resting spent in this place.
 E = Time spent auto-exploring this place.
 F = Levels seen in this place.
 G = Mean time per level.
                   A        B        C        D        E       F      G
               +--------+--------+--------+--------+--------+-----+--------+
         Total |    633 |    633 |      0 |      0 |    481 |   2 |  316.5 |
       Dungeon |    633 |    633 |      0 |      0 |    481 |   2 |  316.5 |
               +--------+--------+--------+--------+--------+-----+--------+

Top non-repeatable levels by time:
     D:1: 586 daAuts
     D:2: 47 daAuts
